 Dungeon Crawl Stone Soup version 0.32-a0-931-g5a2cda0630 (webtiles) character file.

Game seed: 8414597918510359890

37 waddelsworth the Ruffian (level 3, 0/33 HPs)
             Began as a Troll Shapeshifter on Apr 13, 2024.
             Succumbed to a gnoll's poison
             ... on level 2 of the Dungeon.
             The game lasted 00:04:46 (625 turns).

waddelsworth the Ruffian (Troll Shapeshifter)        Turns: 625, Time: 00:04:47

Health: 0/33       AC:  4    Str: 22    XL:     3   Next: 21%
Magic:  2/2        EV:  9    Int:  8    God:
Gold:   71         SH:  0    Dex: 15    Spells: 2/2 levels left

rFire   . .          .
                       - Unarmed
rCold   . . .        (no shield)
rNeg    . . .        a - +0 animal skin
rPois   .            (helmet currently unavailable)
rElec   .            (cloak currently unavailable)
rCorr   .            (gloves unavailable)
SInv    .            (boots unavailable)
Will    .....        (no amulet)
Stlth   +            f - +6 ring of dexterity
HPRegen 1.05/turn    (no ring)
MPRegen 0.08/turn

%: no passive effects
@: brilliant, lethally poisoned (0 -> -8), beast-form
A: beast (slay +1), large, unfitting armour, claws 3, regeneration 1, shaggy fur
1, tough skin 1
a: Begin Untransformation


You were on level 2 of the Dungeon.
You were a hulking beast.
You visited 1 branch of the dungeon, and saw 2 of its levels.

You collected 71 gold pieces.

Inventory:

Hand Weapons
 l - a +0 falchion of flaming
Missiles
 e - 6 poisoned darts
 j - 6 javelins (quivered)
Armour
 a - a +0 animal skin (worn)
Jewellery
 f - a +6 ring of dexterity (left claw)
Talismans
 c - a beast talisman (active)
 d - a flux talisman
Scrolls
 h - a scroll of teleportation {unknown}
 n - a scroll of enchant armour {unknown}
 p - a scroll of noise {unknown}
 q - a scroll of fog {unknown}
Potions
 b - a potion of lignification
 g - a potion of attraction {unknown}
 i - a potion of resistance {unknown}
 k - a potion of brilliance
 m - a potion of experience {unknown}
 o - a potion of haste {unknown}


   Skills:
 + Level 1.2 Fighting
 + Level 2.0 Dodging
 * Level 3.5 Unarmed Combat
 + Level 3.2 Shapeshifting


You had 2 spell levels left.
You didn't know any spells.
Your spell library contained the following spells:

 Spells                   Type           Power      Damage    Failure   Level
 Kiss of Death            Conj/Necr      0%         2d5       41%         1
 Confusing Touch          Hex            0%         N/A       78%         3
 Dispel Undead            Necr           0%         3d6       99%         4


Dungeon Overview and Level Annotations

Branches:
Dungeon (2/15)

Altars:


Innate Abilities, Weirdness & Mutations

You are a hulking beast.
Your limbs bulge with bestial killing power. (Slay +1)
You are too large for most types of armour.
You have claws for hands.
Your natural rate of healing is unusually fast.
You are covered in fur. (AC +1)
You have tough skin. (AC +1)


Message History

The bat moves out of view.
You claw the bat!
You kill the bat!
Found a scroll labelled HYCEPO GASEPS.
q - a scroll labelled HYCEPO GASEPS As you open the door, it creaks loudly!
There is an open door here.
You open the door. 4 gnolls come into view.
A gnoll is wielding a +2 spear of venom and quivering 2 throwing nets.
Found a stone staircase leading down.
There is an open door here.
A frilled lizard comes into view.
The gnoll shouts! x2; The frilled lizard hisses angrily.
The gnoll hits you with a +0 whip.
You claw the gnoll!
You kill the gnoll!
The gnoll closely misses you. The gnoll misses you.
The gnoll hits you with a +0 club.
Your Dodging skill increases to level 2!
You have reached level 3!
Your experience leads to an increase in your attributes!
Your base attributes are Str 21, Int 6, Dex 9.
Increase (S)trength, (I)ntelligence, or (D)exterity?
You feel clever. x2; You feel stronger.
You scratch the gnoll but do no damage. The gnoll barely misses you.
The gnoll hits you with a +2 spear of venom.
The gnoll hits you with a +0 whip.
A goblin comes into view. It is wielding a +0 club.
You scratch the gnoll.
The gnoll is moderately wounded.
The gnoll closely misses you.
The gnoll hits you with a +2 spear of venom.
You are poisoned.
The gnoll hits you with a +0 whip!
* * * LOW HITPOINT WARNING * * *
The frilled lizard barely misses you.
It was a potion of brilliance.
You feel clever all of a sudden.
You die...

# ######### # ........#
#############
........####..........##
......g.#...............
......gh'.##..........##
.g....lg################
####>.... # #.##### # #.
. ## # ###. .... ....


You could see 3 gnolls, a goblin and a frilled lizard.

Vanquished Creatures
  A gnoll (D:2)
  3 bats
  4 endoplasms (D:1)
  3 giant cockroaches (D:1)
  3 goblins
  A hobgoblin (D:1)
  3 kobolds
  A quokka (D:2)
  2 ball pythons (D:1)
  A frilled lizard (D:1)
  2 rats (D:1)
24 creatures vanquished.

Notes
Turn   | Place    | Note
-------+----------+-------------------------------------------
     0 | D:1      | waddelsworth the Troll Shapeshifter began the quest for the
                  | Orb.
     0 | D:1      | Reached XP level 1. HP: 18/18 MP: 0/0
    78 | D:1      | Reached skill level 1 in Fighting
   133 | D:1      | Reached XP level 2. HP: 27/27 MP: 1/1
   623 | D:2      | Reached XP level 3. HP: 24/33 MP: 2/2
   625 | D:2      | Succumbed to a gnoll's poison

Illustrated notes

Levels and vault maps discovered:
D:1:      lightli_arrival_flooded_house, layout_basic, minmay_tromino_i2
D:2:      layout_basic, serial_shops,
          nicolae_shop_temple_entry_statues_fountains, minmay_misc_feat_room

Skill      XL: |  1  2 |
---------------+-------+-----
Fighting       | 1 |  1.2
Dodging        | 2 |  2.0
Unarmed Combat | |  3.5
Shapeshifting  | |  3.2

Action                     || total
---------------------------++-------
  Melee: Unarmed           ||    38
         Punch             ||     2
    Use: Potion            ||     1
   Stab: Sleeping          ||     3
 Armour: Animal skin       ||    17
  Dodge: Dodged            ||    22

Table legend: (Time is in decaauts)
 A = Elapsed time spent in this place.
 B = Non-inter-level travel time spent in this place.
 C = Inter-level travel time spent in this place.
 D = Time resting spent in this place.
 E = Time spent auto-exploring this place.
 F = Levels seen in this place.
 G = Mean time per level.
                   A        B        C        D        E       F      G
               +--------+--------+--------+--------+--------+-----+--------+
         Total |    621 |    584 |     37 |      0 |      9 |   2 |  310.5 |
       Dungeon |    621 |    584 |     37 |      0 |      9 |   2 |  310.5 |
               +--------+--------+--------+--------+--------+-----+--------+

Top non-repeatable levels by time:
     D:1: 403 daAuts
     D:2: 218 daAuts
